 Dungeon Crawl Stone Soup version 0.31-a0-1082-g7d1fb776a8 (webtiles) character file.

Game seed: 10081932082280949269

3115 Flugslaktarn the Mimic (level 9, -1/63 HPs)
             Began as an Octopode Shapeshifter on Nov 28, 2023.
             Was a Follower of Ashenzari.
             Slain by a gnoll sergeant
             ... wielding a +0 spear
              (4 damage)
             ... while paralysed by a gnoll sergeant
             ... on level 8 of the Dungeon.
             The game lasted 00:04:40 (6723 turns).

Flugslaktarn the Mimic (Octopode Shapeshifter)      Turns: 6723, Time: 00:04:40

Health: -1/63      AC:  9    Str: 13    XL:     9   Next: 91%
Magic:  9/9        EV:  2    Int: 12    God:    Ashenzari [*.....]
Gold:   372        SH:  0    Dex: 16    Spells: 8/8 levels left

rFire   . .          .
                       - Unarmed
rCold   . . .        (shield currently unavailable)
rNeg    . . .        (helmet restricted)
rPois   +            k - amulet of regeneration
rElec   .            o - ring of Ashenzari's Dismay {rPois, Self, Alch} (curse)
rCorr   .            p - ring "Gaze Upon Infinity" {AC+4, Alch, Dev} (curse)
SInv    .            x - +4 ring of protection
Will    .....        (no ring)
Stlth   +            (no ring)
HPRegen 1.10/turn    (no ring)
MPRegen 0.11/turn    (no ring)
                     (no ring)

%: no passive effects
@: paralysed, flux-form, glowing
A: glow, contaminating, almost no armour, amphibious, 8 rings, camouflage 1,
gelatinous body 1, (nimble swimmer 1), tentacles
a: Begin Untransformation, Renounce Religion, Shatter the Chains


You were on level 8 of the Dungeon.
You worshipped Ashenzari.
Ashenzari was aware of your devotion.
You were something dangerously unstable.
You visited 2 branches of the dungeon, and saw 9 of its levels.
You also visited: Ossuary.

You collected 430 gold pieces.
You spent 58 gold pieces at shops.

Inventory:

Missiles
 l - a throwing net
Jewellery
 i - an amulet of reflection
   (You found it on level 3 of the Dungeon)
 k - an amulet of regeneration (around mantle)
   (You found it on level 3 of the Dungeon)
 o - the cursed ring of Ashenzari's Dismay (left tentacle) {rPois, Self, Alch}
   (You found it on level 1 of the Dungeon)

   [ring of poison resistance]

   rPois:     It protects you from poison It has a curse which improves the
   following skills: Introspection: Fighting and Spellcasting.
   Alchemy:   Poison Magic and Transmutations.
 p - the cursed ring "Gaze Upon Infinity" (right tentacle) {AC+4, Alch, Dev}
   (You found it on level 2 of the Dungeon)

   [ring of protection]

   AC+4:      It affects your AC (+4).
   It has a curse which improves the following skills: Alchemy: Poison Magic and
   Transmutations.
   Devices:   Evocations and Shapeshifting.
 x - a +4 ring of protection (on tentacle)
   (You found it on level 5 of the Dungeon)
Talismans
 b - a beast talisman
 c - a flux talisman (active)
Wands
 j - a wand of iceblast (6)
   (You found it on level 3 of the Dungeon)
 s - a wand of light (10)
   (You found it on level 5 of the Dungeon)
Scrolls
 a - a scroll of fog
 d - a scroll of torment
 f - a scroll of revelation
 g - 2 scrolls of poison
 h - a scroll of amnesia
 m - a scroll of fear
 n - a scroll of vulnerability
 t - a scroll of teleportation
 y - a scroll of brand weapon
 z - a scroll of blinking
Potions
 e - 2 potions of cancellation
 q - 5 potions of curing
 u - a potion of attraction
 v - a potion of brilliance
 w - 4 potions of heal wounds
 A - a potion of mutation
 B - a potion of lignification


   Skills:
 + Level 6.0(6.8) Fighting
 + Level 4.2 Dodging
 + Level 6.7 Unarmed Combat
 + Level 9.5(10.3) Shapeshifting


You had 8 spell levels left.
You didn't know any spells.
Your spell library was empty.

Dungeon Overview and Level Annotations

Branches:
Dungeon (8/15)             Temple (1/1) D:4         Ossuary (visited)
   Lair: D:8-11

Altars:
Ashenzari
Cheibriados
Dithmenos
Elyvilon
Fedhas
Gozag
Kikubaaqudgha
Makhleb
Nemelex Xobeh
Qazlal
Ru
Sif Muna
Trog
Vehumet
Wu Jian
Xom
Yredelemnul
Zin
The Shining One

Shops:
D:1 [   D:6 *   D:7 *

Annotations:
D:6 3 runed translucent doors, Mll's ghost, amateur HOBe; Yohl's ghost, novice DjFE; glassdraggon's ghost, novice DESu; noobster's ghost, novice DrFi; t4s4d4r's ghost, novice OpSh


Innate Abilities, Weirdness & Mutations

You are something dangerously unstable.
You glow with magical radiation, making you easy to see and hit.
Foes you strike become dangerously contaminated with magical radiation.
You are incapable of wielding weapons or throwing items.
You cannot wear most types of armour.
You are amphibious.
You can wear up to eight rings at the same time.
Your skin changes colour to match your surroundings (Stealth+).
Your rubbery body absorbs attacks. (AC +1, EV +1)
((You are camouflaged when in or above water. (Stealth+)))
You have tentacles for arms and can constrict up to eight enemies at once.


Message History

The killer bee barely misses you. The killer bee completely misses you.
The gnoll sergeant misses you.
You closely miss the killer bee. Your grab misses the killer bee.
The killer bee is moderately wounded.
The killer bee misses you.
You closely miss the killer bee. Your grab misses the killer bee.
The killer bee is moderately wounded.
The killer bee barely misses you.
The gnoll sergeant hits you but does no damage.
The killer bee barely misses you.
You tentacle-slap the killer bee.
The killer bee glows dangerously bright.
Your grab misses the killer bee.
The killer bee is heavily wounded.
The killer bee barely misses you. The gnoll sergeant misses you.
The killer bee stings you.
You tentacle-slap the killer bee.
The killer bee shudders as magic cascades through it!!
You kill the killer bee!
The gnoll sergeant hits you but does no damage.
The killer bee stings you.
You are poisoned.
The killer bee poisons you!
Your Fighting skill increases to level 6!
You closely miss the killer bee. You grab the killer bee.
You constrict the killer bee.
You feel very sick. The killer bee stings you.
The gnoll sergeant completely misses you.
The gnoll closely misses you.
You tentacle-slap the killer bee.
The killer bee begins to glow.
The killer bee is moderately wounded.
You constrict the killer bee.
You feel sick. The killer bee closely misses you. The killer bee misses you.
The gnoll sergeant barely misses you. The gnoll hits you but does no damage.
You tentacle-slap the killer bee.
The killer bee glows dangerously bright.
You squeeze the killer bee.
The killer bee is heavily wounded.
You constrict the killer bee.
You feel sick. The killer bee stings you!
You are more poisoned.
The killer bee poisons you! The killer bee barely misses you.
The gnoll sergeant misses you. The gnoll misses you.
You tentacle-slap the killer bee.
The killer bee shudders as magic cascades through it!
You kill the killer bee!
You feel sick.
The gnoll sergeant zaps a wand.
You easily resist.
The gnoll barely misses you.
You closely miss the gnoll. Your grab misses the gnoll.
Your squeeze misses the gnoll.
You feel sick. The gnoll sergeant barely misses you.
You tentacle-slap the gnoll but do no damage.
The gnoll begins to glow.
You grab the gnoll.
You squeeze the gnoll, but do no damage.
You constrict the gnoll.
You feel sick. The gnoll hits you but does no damage.
The gnoll closely misses you.
You tentacle-slap the gnoll.
The gnoll glows dangerously bright.
You squeeze the gnoll.
The gnoll is severely wounded.
You constrict the gnoll.
You feel sick.
The gnoll sergeant hits you from afar with a +0 spear.
The gnoll barely misses you. The gnoll misses you.
You tentacle-slap the gnoll.
You kill the gnoll!
You feel sick. The gnoll sergeant closely misses you.
The gnoll closely misses you.
You feel sick.
The gnoll sergeant hits you with a +0 spear!
The gnoll closely misses you.
Items here: ) †††.
You tentacle-slap the gnoll sergeant.
The gnoll sergeant begins to glow.
You grab the gnoll sergeant. You squeeze the gnoll sergeant.
The gnoll sergeant is moderately wounded.
You constrict the gnoll sergeant, but do no damage.
You feel sick.
The gnoll sergeant hits you with a +0 spear.
* * * LOW HITPOINT WARNING * * *
The gnoll barely misses you.
You tentacle-slap the gnoll sergeant.
The gnoll sergeant glows dangerously bright.
You squeeze the gnoll sergeant.
The gnoll sergeant is moderately wounded.
You constrict the gnoll sergeant, but do no damage.
You feel sick.
The gnoll sergeant zaps a wand.
You suddenly lose the ability to move!
You lose your grip on the gnoll sergeant.
The gnoll hits you but does no damage.
You feel sick.
The gnoll sergeant zaps a wand.
You shrug off the repeated paralysis!
The gnoll hits you with a +0 spear!
* * * LOW HITPOINT WARNING * * *
You feel sick.
You are no longer poisoned.
The gnoll sergeant zaps a wand.
You shrug off the repeated paralysis!
The gnoll hits you but does no damage.
The gnoll sergeant hits you with a +0 spear.
* * * LOW HITPOINT WARNING * * *
The gnoll hits you with a +0 spear.
* * * LOW HITPOINT WARNING * * *
The gnoll sergeant hits you with a +0 spear.
You die...

. ..#.....#
..##.#.....# .........#
#.......## ##
#.......####...
#.........#..##
#.....###......
#.g.g.####...#.##
###p#.##.).#.#..#
#.#.##.###.##.###
###..........##)).##
...........>.).)))....
...............###...#
...............###...#
..................<...
.....................#
..............<.###...#


You could see a gnoll sergeant (heavy contam) and a gnoll.

Vanquished Creatures
  3 slime creatures
  Sigmund (D:4)
  Menkaure (D:4)
  A black bear (D:6)
  A sky beast (D:7)
  A centaur (D:5)
  2 phantoms (D:6)
  A kobold brigand (D:8)
  An elf zombie (Ossuary)
  2 bullfrogs (D:7)
  2 scorpions (D:6)
  3 wights (D:7)
  3 killer bees (D:8)
  A centaur zombie (Ossuary)
  2 human zombies (Ossuary)
  5 orc priests
  5 hounds
  3 jellies
  2 gnoll boudas
  3 iguanas
  6 orc wizards
  2 hound zombies (Ossuary)
  A hound skeleton (D:4)
  3 mummies (Ossuary)
  14 gnolls
  7 adders
  A white imp (D:5)
  2 adder skeletons (D:4)
  8 adder zombies
  A worm (D:3)
  3 dart slugs
  39 orcs
  3 endoplasms
  5 giant cockroaches
  2 gnoll zombies (Ossuary)
  12 goblins
  19 hobgoblins
  3 jackals (D:4)
  14 kobolds
  4 quokkas
  4 ball pythons
  2 bats (D:3)
  3 frilled lizards
  4 goblin zombies (Ossuary)
  A hobgoblin zombie (Ossuary)
  A jackal zombie (Ossuary)
  5 kobold zombies (Ossuary)
  3 orc zombies (Ossuary)
  6 quokka zombies (Ossuary)
  8 rats
  A rat zombie (Ossuary)
230 creatures vanquished.

Notes
Turn   | Place    | Note
-------+----------+-------------------------------------------
     0 | D:1      | Flugslaktarn the Octopode Shapeshifter began the quest for
                  | the Orb.
     0 | D:1      | Reached XP level 1. HP: 13/13 MP: 1/1
   267 | D:1      | Reached XP level 2. HP: 14/18 MP: 2/2
   346 | D:1      | Found Onaikke's Antique Armour Shop.
  1157 | D:2      | Reached XP level 3. HP: 23/23 MP: 3/3
  1163 | D:2      | Reached skill level 4 in Shapeshifting
  1974 | D:3      | Reached XP level 4. HP: 28/28 MP: 4/4
  1983 | D:3      | Reached skill level 5 in Shapeshifting
  2050 | D:3      | Found a shadowy altar of Dithmenos.
  2162 | D:3      | Found an ornate altar of the Wu Jian Council.
  2231 | D:3      | Reached XP level 5. HP: 33/33 MP: 5/5
  2703 | D:4      | Found a staircase to the Ecumenical Temple.
  2724 | Temple   | Entered the Ecumenical Temple
  2850 | D:4      | Found a glowing golden altar of the Shining One.
  2850 | D:4      | Found a glowing silver altar of Zin.
  2854 | D:4      | Found a white marble altar of Elyvilon.
  2975 | D:4      | Noticed Sigmund
  2989 | D:4      | Killed Sigmund
  2990 | D:4      | Reached skill level 6 in Shapeshifting
  2990 | D:4      | Reached XP level 6. HP: 38/38 MP: 6/6
  3008 | D:4      | Found a sand-covered staircase.
  3014 | Ossuary  | Entered an ossuary
  3215 | Ossuary  | Reached skill level 7 in Shapeshifting
  3336 | Ossuary  | Reached XP level 7. HP: 26/43 MP: 7/7
  3797 | D:4      | Found a bloodstained altar of Trog.
  3797 | D:4      | Noticed Menkaure
  3804 | D:4      | Killed Menkaure
  3893 | D:4      | Found an ancient bone altar of Kikubaaqudgha.
  4001 | D:4      | Found a shimmering blue altar of Sif Muna.
  4023 | D:5      | Entered Level 5 of the Dungeon
  4204 | D:5      | Reached skill level 8 in Shapeshifting
  4204 | D:5      | Reached XP level 8. HP: 23/51 MP: 8/8
  4371 | D:5      | Identified the +5 mace "Qasarph" {holy, rPois Will+}
  4376 | D:5      | Found a sacrificial altar of Ru.
  4842 | D:5      | Found a broken altar of Ashenzari.
  4853 | D:5      | Became a worshipper of Ashenzari the Shackled
  5059 | D:5      | Found a sparkling altar of Nemelex Xobeh.
  5153 | D:6      | Found a blossoming altar of Fedhas.
  5251 | D:6      | Reached skill level 5 in Unarmed Combat
  5265 | D:6      | Found a runed translucent gate.
  5265 | D:6      | Found a runed translucent gate.
  5265 | D:6      | Noticed glassdraggon's ghost (novice DESu)
  5266 | D:6      | Found a runed translucent gate.
  5266 | D:6      | Noticed Yohl's ghost (novice DjFE)
  5266 | D:6      | Noticed t4s4d4r's ghost (novice OpSh)
  5266 | D:6      | Noticed Mll's ghost (amateur HOBe)
  5266 | D:6      | Noticed noobster's ghost (novice DrFi)
  5331 | D:6      | Reached XP level 9. HP: 37/59 MP: 9/9
  5554 | D:6      | Found Pepoucsa's Assorted Antiques.
  5874 | D:6      | Bought a scroll labelled KYWESI ZYISUAC for 20 gold pieces
  5874 | D:6      | Bought a scroll labelled QADWUL CUSKA for 20 gold pieces
  5874 | D:6      | Bought a bubbling red potion for 18 gold pieces
  6040 | D:7      | Reached skill level 5 in Fighting
  6040 | D:7      | Reached skill level 9 in Shapeshifting
  6237 | D:7      | Found a snail-covered altar of Cheibriados.
  6281 | D:7      | Found Velecwepn's Overcharged Wands.
  6505 | D:7      | Reached * piety under Ashenzari
  6719 | D:8      | Paralysed by a gnoll sergeant for 5 turns
  6722 | D:8      | HP: 1/63 [gnoll/+0 spear[a gnoll sergeant] (4)]
  6723 | D:8      | Slain by a gnoll sergeant

Illustrated notes

Levels and vault maps discovered:
D:1:      noname_arrival_rooms_in_the_neighbourhood, layout_loops_corners,
          serial_shops, nicolae_diamond_shop, chequers_garden, dk_noncrumbling_2
D:2:      layout_basic
D:3:      layout_loops_ring, nzn_wu_jian_council_hall,
          grunt_dithmenos_smoke_and_mirrors
D:4:      layout_basic, dreamdust_divine_triumvirate,
          mainiacjoe_overflow_alcove_4, kennysheep_little_box, led_sif_pool,
          minmay_temple_entry_tees, mainiacjoe_ossuary_entry_find_the_door,
          dreamdust_princess_bridge, uniq_sigmund, uniq_menkaure
D:5:      corexii_shantytown, layout_cave_pools, nicolae_overflow_hidden_temple,
          ashenzari_altar_1, lemuel_tele_altar, palyth_stone_intersect,
          guppyfry_early_lair_pool
D:6:      layout_loops_ring, mainiacjoe_overflow_surrounded_room,
          gammafunk_ghost_cemetery, serial_shops, nicolae_shop_trees
D:7:      layout_gridville, kennysheep_slug_shrine, grunt_ministairs_3,
          nicolae_sextant, nicolae_shop_overcharged_wands
D:8:      layout_rooms, nicolae_uskayaw_suspiria, special_room
          [special_room_orc], minivault_12
Temple:   hellmonk_temple_rainy

Skill      XL: |  1  2  3  4  5  6  7  8  9 |
---------------+----------------------------+-----
Shapeshifting  | 4 5 6 7 8 9 |  9.5
Fighting       | 2 4 6 |  6.0
Unarmed Combat | 4 5 6 |  6.7
Dodging        | 4 |  4.2

Action                     |  1- 3 |  4- 6 |  7- 9 || total
---------------------------+-------+-------+-------++-------
  Melee: Unarmed           |    72 |   128 |   415 ||   615
         Tentacles         |    16 |    29 |   108 ||   153
         Constrict         |    23 |    37 |   110 ||   170
         Punch             |     1 |     3 |     4 ||     8
 Invoke: Curse Item        |       |       |     2 ||     2
    Use: Scroll            |       |     2 |     9 ||    11
         Potion            |       |       |     2 ||     2
   Stab: Sleeping          |    13 |     4 |     2 ||    19
 Armour: Skin              |    21 |    58 |   218 ||   297
  Dodge: Dodged            |    37 |    71 |   243 ||   351
   Form: Flux              |       |       |     1 ||     1

Table legend: (Time is in decaauts)
 A = Elapsed time spent in this place.
 B = Non-inter-level travel time spent in this place.
 C = Inter-level travel time spent in this place.
 D = Time resting spent in this place.
 E = Time spent auto-exploring this place.
 F = Levels seen in this place.
 G = Mean time per level.
                   A        B        C        D        E       F      G
               +--------+--------+--------+--------+--------+-----+--------+
         Total |   6672 |   6441 |    231 |    502 |   4602 |  10 |  667.2 |
       Dungeon |   6139 |   5908 |    231 |    443 |   4276 |   8 |  767.4 |
        Temple |      1 |      1 |      0 |      0 |      0 |   1 |    1.0 |
       Ossuary |    531 |    531 |      0 |     59 |    326 |   1 |  531.0 |
               +--------+--------+--------+--------+--------+-----+--------+

Top non-repeatable levels by time:
     D:5: 1105 daAuts
     D:1: 959 daAuts
     D:2: 907 daAuts
     D:6: 869 daAuts
     D:4: 822 daAuts
     D:3: 784 daAuts
     D:7: 575 daAuts
 Ossuary: 531 daAuts
     D:8: 116 daAuts
  Temple: 1 daAuts
